AoeStats
← V

Arena

509608011Analyzed
2v2 RM · 4d ago on Sep 27, 2026· 19m 45s· 4 players
Game mode
Random Map
Map size
Medium (4 player)
Population
200
Speed
Normal
Resources
Standard
Victory
Conquest
Starting age
Dark Age
Ending age
Imperial Age
RankedLock teamsTeams togetherTeam positionsShared explorationLock speedFull tech treeHidden civsTurbo modeCheats
Victory
Defeat
🇨🇳 Spanish · China
902
+18
🇨🇳 Saxons · China
893
+18
🇩🇪 Persians · Germany
943
-49
🇩🇪 Huns · Germany
943
-49
★ Banana ★
10:29 Feudal Age
13:51 Double-Bit Axe
14:13 Fletching
14:24 Padded Archer Armor
14:32 Scale Barding Armor
14:21 Town Watch
15:41 Horse Collar
15:54 Gold Mining
17:05 Wheelbarrow
17:45 Wheelbarrow
20:58 Castle Age
Suricate
4:44 Loom
11:03 Feudal Age
17:53 Castle Age
V
11:33 Feudal Age
15:09 Castle Age
14:14 Double-Bit Axe
15:25 Gold Mining
15:37 Loom
XDDCC
11:41 Feudal Age
16:07 Castle Age
15:15 Horse Collar
15:23 Double-Bit Axe
20:29 Bow Saw
Connection lost

Rejoining the realm…

Still unreachable

The connection could not be restored.

Session expired

The server has moved on; the page needs a fresh start.